 Dungeon Crawl Stone Soup version 0.32-a0-921-g04a7ad8e02 (webtiles) character file.

Game seed: 17933126353299680580

30361 Autsider the Thaumaturge (level 13, -15/169 HPs)
             Began as a Grey Draconian Alchemist on Apr 11, 2024.
             Was an Initiate of Gozag.
             Demolished by ViolentViolet's ghost (17 damage)
             ... on level 3 of the Lair of Beasts.
             The game lasted 00:54:29 (17829 turns).

Autsider the Thaumaturge (DrAl)                    Turns: 17829, Time: 00:54:29

Health: -15/169    AC: 19    Str: 13    XL:     13   Next: 20%
Magic:  8/29       EV: 15    Int: 24    God:    Gozag
Gold:   1485       SH:  0    Dex: 17    Spells: 15/36 levels left

rFire   + . .        y - +8 glaive "Dragon's Tongue" {holy, rF+ rC+}
rCold   . . .        (shield currently unavailable)
rNeg    + . .        (body armour unavailable)
rPois   +            A - +2 hat
rElec   .            J - +2 ratskin cloak {*Rats rPois rN+ Str-1 Int-1 Dex+1}
rCorr   +            (no gloves)
SInv    +            v - +0 pair of boots
Will    .....        (no amulet) Stlth
                     L - ring "Qufrilos" {rC- Str+3 Int+6 Dex+3 SInv}
HPRegen 0.48/turn    o - ring of resist corrosion
MPRegen 0.21/turn

%: no passive effects
@: berserking (expiring), about to teleport, liquefying, slowed movement, very
quick
A: mud breath, mud-swimmer, AC +13, amphibious, unfitting armour, cold-blooded
a: Mud Breath, Renounce Religion, Potion Petition, Call Merchant, Bribe Branch


You were on level 3 of the Lair of Beasts.
You worshipped Gozag.
Gozag was most pleased with you.
You visited 3 branches of the dungeon, and saw 16 of its levels.

You collected 2997 gold pieces.
You spent 633 gold pieces at shops.
You paid 879 gold pieces to Gozag.

Inventory:

Hand Weapons
 d - a +0 sling
 u - a +1 dagger of venom
 y - the +8 glaive "Dragon's Tongue" (weapon) {holy, rF+ rC+}
   (You found it on level 11 of the Dungeon)

   rF+:       It protects you from fire.
   rC+:       It protects you from cold.
 E - a +5 mace
 H - a +2 trident of protection
 I - a +4 quarterstaff
 P - a +0 demon trident of venom
Missiles
 F - 3 throwing nets
Armour
 v - a +0 pair of boots (worn)
 A - a +2 hat (worn)
 J - the +2 ratskin cloak (worn) {*Rats rPois rN+ Str-1 Int-1 Dex+1}
   (You found it on level 10 of the Dungeon)

   *Rats:     When the wearer is hurt, rats may emerge from it to assist them.
   Str-1:     It affects your strength (-1).
   Int-1:     It affects your intelligence (-1).
   Dex+1:     It affects your dexterity (+1).
   rPois:     It protects you from poison.
   rN+:       It protects you from negative energy.
Magical Staves
 e - a staff of air
Jewellery
 m - a ring of flight
 o - a ring of resist corrosion (right hand)
 B - a ring of ice
 L - the ring "Qufrilos" (left hand) {rC- Str+3 Int+6 Dex+3 SInv}
   (You bought it in a shop on level 9 of the Dungeon)

   [ring of intelligence]

   Str+3:     It affects your strength (+3).
   Int+6:     It affects your intelligence (+6).
   Dex+3:     It affects your dexterity (+3).
   rC-:       It makes you vulnerable to cold.
   SInv:      It lets you see invisible.
 N - an amulet of guardian spirit
Wands
 C - a wand of flame (19)
 K - a wand of warping (4)
Scrolls
 b - 5 scrolls of teleportation {@r2}
 i - a scroll of poison
 j - 3 scrolls of immolation
 k - a scroll of vulnerability
 n - 2 scrolls of amnesia
 s - 2 scrolls of blinking
 w - 2 scrolls of enchant armour
 M - 2 scrolls of revelation
 O - 2 scrolls of identify {@r1}
 Q - a scroll of enchant weapon
Potions
 a - a potion of magic
 c - 2 potions of enlightenment
 f - 2 potions of berserk rage
 g - 3 potions of haste
 h - 4 potions of mutation
 l - 4 potions of lignification
 p - 2 potions of heal wounds {@q2}
 q - a potion of brilliance {unknown}
 r - 3 potions of attraction
 t - 3 potions of degeneration
 x - a potion of invisibility {unknown}
 z - 2 potions of curing {@q1}
 D - a potion of cancellation {unknown}
 G - a potion of ambrosia {unknown}


   Skills:
 - Level 10.0 Fighting
 - Level 8.0 Dodging
 - Level 2.0 Stealth
 - Level 12.0 Spellcasting
 - Level 5.0 Conjurations
 - Level 6.0 Fire Magic
 + Level 3.8 Earth Magic
 - Level 12.0 Alchemy


You had 15 spell levels left.
You knew the following spells:

 Your Spells              Type           Power      Damage    Failure   Level
a - Leda's Liquefaction   Alch/Erth      25%        N/A       1%          4
b - Eringya's Noxious Bo  Alch           32%        4d6       4%          6
c - Sticky Flame          Fire/Alch      55%        2d10      1%          4
d - Olgreb's Toxic Radia  Alch           64%        N/A       1%          4
w - Mephitic Cloud        Conj/Alch/Air  41%        N/A       1%          3

Your spell library contained the following spells:

 Spells                   Type           Power      Damage    Failure   Level
 Shock                    Conj/Air       100%       1d9       1%          1
 Sting                    Conj/Alch      100%       1d9       1%          1
 Mercury Vapours          Alch/Air       86%        N/A       1%          2
 Apportation              Tloc           28%        N/A       4%          1
 Necrotise                Necr           56%        1d6       4%          1
 Summon Small Mammal      Summ           56%        N/A       4%          1
 Yara's Violent Unravell  Hex/Alch       21%        3d10      10%         5
 Swiftness                Air            14%        N/A       13%         3
 Tukima's Dance           Hex            14%        N/A       13%         3
 Lee's Rapid Deconstruct  Erth           16%        3d10*     26%         5
 Airstrike                Air            7%         2d(1-17)  38%         4
 Anguish                  Hex/Necr       7%         N/A       38%         4
 Cause Fear               Hex            7%         N/A       38%         4
 Passage of Golubria      Tloc           14%        N/A       38%         4
 Summon Forest            Summ/Tloc      7%         N/A       75%         5
 Permafrost Eruption      Ice/Erth       11%        2x4d4     97%         6
 Enfeeble                 Hex            7%         N/A       100%        7
 Summon Hydra             Summ           7%         N/A       100%        7


Dungeon Overview and Level Annotations

Branches:
Dungeon (11/15)            Temple (1/1) D:6            Lair (4/5) D:9
  Swamp (0/4) Lair:2        Snake (0/4) Lair:3          Orc (0/2) D:10
  Slime: Lair:4-5

Altars:
Ashenzari
Cheibriados
Dithmenos
Elyvilon
Fedhas
Gozag
Hepliaklqana
Kikubaaqudgha
Makhleb
Nemelex Xobeh
Okawaru
Qazlal
Ru
Sif Muna
Trog
Uskayaw
Vehumet
Wu Jian
Xom
Yredelemnul
Zin
The Shining One

Shops:
D:5 (   D:9 =

Annotations:
D:4 exclusion: downstairs
D:6 exclusion: downstairs
D:8 exclusion: downstairs
D:10 exclusion: downstairs
Lair:3 1 transporter, ViolentViolet's ghost, journeyman FeFi


Innate Abilities, Weirdness & Mutations

You can breathe torrents of mud.
You are unimpeded by mud.
Your dull iron-grey scales are very hard. (AC +13)
You are amphibious.
You cannot fit into any form of body armour.
You are cold-blooded and may be slowed by cold attacks.


Message History

Your toxic aura wanes.
You feel sick.
ViolentViolet's ghost stares at you and mumbles some strange words.
You resist with significant effort. The komodo dragon closely misses you.
Your Earth Magic skill increases to level 3!
You barely miss the komodo dragon.
The komodo dragon is moderately wounded.
You feel sick. The komodo dragon bites you!
* * * LOW HITPOINT WARNING * * *
The komodo dragon bites you!!
* * * LOW HITPOINT WARNING * * *
You are too berserk!
You slice the komodo dragon!!
The komodo dragon is severely wounded.
You feel sick.
The komodo dragon becomes momentarily stuck in the liquid earth.
ViolentViolet's ghost hits you!
* * * LOW HITPOINT WARNING * * *
The komodo dragon closely misses you.
ViolentViolet's ghost is distracted by your dazzling golden aura.
ViolentViolet's ghost turns its malevolent gaze towards you.
You slice the komodo dragon!!
You kill the komodo dragon!
You feel sick.
You are no longer poisoned.
ViolentViolet's ghost is no longer distracted by gold.
ViolentViolet's ghost hits you!
* * * LOW HITPOINT WARNING * * *
You are too berserk!
You barely miss ViolentViolet's ghost.
ViolentViolet's ghost stares at you and mumbles some strange words.
You feel strangely unstable.
You barely miss ViolentViolet's ghost. You miss ViolentViolet's ghost.
Your tail-slap misses ViolentViolet's ghost.
ViolentViolet's ghost hits you.
* * * LOW HITPOINT WARNING * * *
ViolentViolet's ghost hits you!
You die...
Your body crumbles into a pile of gold.

######## ###P...#.#
#########........#
##................#
##.....####©###....#
##..#####..###.##....
#...#.$$.#......##.#.
#P.##.$$#...#....#.#.
##.#@W$...#..##..#...
##.#..##..©..#..©#...
#..#.....#.....#.##..
#..##.##..=###....#..
##..#....$?)$.#..##..
#P..##.$##### ###..P
##...####.©.####...##
##...............###
#..................


You could see ViolentViolet's ghost.

Vanquished Creatures
  Gastronok (D:9)
  Erica (Lair:2)
  A catoblepas (D:11)
  2 boulder beetles
  3 two-headed ogres
  A tengu warrior (D:8)
  A skyshark (Lair:3)
  A bog body (Lair:2)
  A manticore (D:11)
  2 moths of wrath (Lair:3)
  Joseph (D:10)
  4 black mambas
  7 cane toads
  3 rime drakes
  4 komodo dragons
  A hornet (D:8)
  A polar bear (Lair:3)
  10 blink frogs
  A slime creature (D:8)
  A shadow (D:9)
  2 wyverns
  43 yaks
  4 basilisks
  2 vampire mosquitoes (D:10)
  An acid dragon (D:10)
  Duvessa (D:5)
  11 water moccasins
  5 orc warriors
  2 sky beasts
  2 black bears
  6 wolves (Lair:2)
  4 ogres
  5 centaurs
  A phantom (D:7)
  10 bullfrogs
  3 kobold brigands
  3 gnoll sergeants (D:9)
  3 scorpions
  14 wights
  Dowan (D:5)
  14 killer bees
  3 bombardier beetles
  A crimson imp (D:4)
  A jelly (D:7)
  5 hounds
  A gnoll bouda (D:9)
  4 orc priests
  4 orc wizards
  8 iguanas
  15 gnolls
  5 adders
  2 shadow imps
  A white imp (D:6)
  2 ufetubi (D:6)
  A dart slug (D:4)
  6 ribbon worms
  22 orcs
  2 bats (D:3)
  11 endoplasms
  4 giant cockroaches
  6 goblins
  14 hobgoblins
  4 jackals (D:2)
  3 quokkas
  8 ball pythons
  2 frilled lizards
  A goblin skeleton (D:4)
  A goblin zombie (D:4)
  5 hobgoblin zombies (D:4)
  13 kobolds
  2 kobold skeletons (D:4)
  2 orc skeletons (D:4)
  2 orc zombies (D:4)
  6 rats
351 creatures vanquished.

Vanquished Creatures (collateral kills)
  A bullfrog (Lair:2)
1 creature vanquished.

Grand Total: 352 creatures vanquished

Notes
Turn   | Place    | Note
-------+----------+-------------------------------------------
     0 | D:1      | Autsider the Draconian Alchemist began the quest for the
                  | Orb.
     0 | D:1      | Reached XP level 1. HP: 14/14 MP: 3/3
   283 | D:1      | Reached XP level 2. HP: 22/22 MP: 5/5
   327 | D:1      | Reached skill level 1 in Fighting
   771 | D:2      | Reached XP level 3. HP: 29/29 MP: 4/6
  1513 | D:3      | Found a radiant altar of Vehumet.
  2371 | D:3      | Reached XP level 4. HP: 37/37 MP: 7/7
  2783 | D:4      | Noticed an ogre
  2969 | D:4      | Found a hide-covered altar of Uskayaw.
  3026 | D:4      | Reached XP level 5. HP: 45/45 MP: 3/8
  3110 | D:4      | Found a glowing golden altar of the Shining One.
  3546 | D:5      | Entered Level 5 of the Dungeon
  3546 | D:5      | Noticed Dowan
  3546 | D:5      | Noticed a centaur
  3547 | D:5      | Noticed Duvessa
  3552 | D:5      | Killed a centaur
  3553 | D:5      | Reached skill level 5 in Alchemy
  3672 | D:5      | Killed an ogre
  3673 | D:5      | Reached XP level 6. HP: 38/53 MP: 2/9
  3828 | D:5      | Killed Duvessa
  3829 | D:5      | Reached skill level 5 in Fighting
  3835 | D:5      | Killed Dowan
  4003 | D:5      | Your scales start taking on a dull iron-grey colour.
  4003 | D:5      | Reached XP level 7. HP: 56/61 MP: 4/10
  4209 | D:5      | Found Ihoy's Antique Weapon Emporium.
  4814 | D:5      | Learned a level 4 spell: Olgreb's Toxic Radiance
  5065 | D:6      | Reached XP level 8. HP: 35/70 MP: 0/12
  5729 | D:6      | Found a sacrificial altar of Ru.
  5735 | D:6      | Reached XP level 9. HP: 68/79 MP: 9/15
  5918 | D:6      | Found a staircase to the Ecumenical Temple.
  5981 | Temple   | Entered the Ecumenical Temple
  5996 | Temple   | Became a worshipper of Gozag Ym Sagoz the Greedy
  6121 | D:7      | Learned a level 3 spell: Mephitic Cloud
  6617 | D:6      | Reached skill level 5 in Conjurations
  6724 | D:6      | Learned a level 4 spell: Sticky Flame
  6962 | D:7      | Reached skill level 5 in Spellcasting
  6967 | D:7      | Reached skill level 1 in Fire Magic
  8281 | D:8      | Noticed a tengu warrior
  8301 | D:8      | Killed a tengu warrior
  8302 | D:8      | Reached XP level 10. HP: 35/91 MP: 10/19
  8979 | D:8      | Learned a level 6 spell: Eringya's Noxious Bog
  9166 | D:9      | Noticed Gastronok
  9303 | D:9      | Killed Gastronok
  9304 | D:9      | Reached skill level 10 in Fighting
  9875 | D:9      | Found a staircase to the Lair.
  9997 | D:9      | Noticed a two-headed ogre
 10023 | D:9      | Killed a two-headed ogre
 10024 | D:9      | Reached XP level 11. HP: 99/99 MP: 15/24
 10492 | D:9      | Noticed a two-headed ogre
 10548 | D:9      | Killed a two-headed ogre
 10874 | D:9      | Identified the +1 robe of Roadinir {Str-5 Int+3 Slay+6}
 10890 | D:9      | Reached skill level 10 in Spellcasting
 11887 | D:10     | Entered Level 10 of the Dungeon
 11892 | D:10     | Noticed Joseph
 11915 | D:10     | Killed Joseph
 12225 | D:10     | Found the +2 ratskin cloak {*Rats rPois rN+ Str-1 Int-1
                  | Dex+1}
 12361 | D:10     | Reached skill level 5 in Dodging
 12443 | D:10     | Found a staircase to the Orcish Mines.
 12446 | D:10     | Noticed a two-headed ogre
 12526 | D:10     | Killed a two-headed ogre
 13096 | D:11     | Noticed a boulder beetle
 13100 | D:11     | Noticed a catoblepas
 13115 | D:10     | Killed a boulder beetle
 13369 | D:11     | Identified the +8 glaive "Dragon's Tongue" {holy, rF+ rC+}
 13575 | D:11     | Killed a catoblepas
 13576 | D:11     | Reached skill level 10 in Alchemy
 13842 | Lair:1   | Entered Level 1 of the Lair of Beasts
 13848 | D:9      | Bought the ring "Qufrilos" {rC- Str+3 Int+6 Dex+3 SInv} for
                  | 633 gold pieces
 14003 | Lair:1   | Reached XP level 12. HP: 106/106 MP: 21/27
 14558 | Lair:1   | Noticed a boulder beetle
 14567 | Lair:1   | Killed a boulder beetle
 14650 | Lair:1   | Reached skill level 5 in Fire Magic
 14961 | Lair:1   | Learned a level 4 spell: Leda's Liquefaction
 15340 | Lair:2   | Noticed Erica
 15345 | Lair:2   | Killed Erica
 15784 | Lair:2   | Found a staircase to the Swamp.
 16771 | Lair:3   | Found a staircase to the Snake Pit.
 17159 | Lair:4   | Reached XP level 13. HP: 106/113 MP: 15/29
 17486 | Lair:3   | Found a transporter.
 17572 | Lair:3   | Noticed ViolentViolet's ghost (journeyman FeFi)
 17582 | Lair:3   | Found a transporter.
 17820 | Lair:3   | Reached skill level 1 in Earth Magic
 17825 | Lair:3   | HP: 3/169 [ViolentViolet's ghost (11)]
 17829 | Lair:3   | Demolished by ViolentViolet's ghost

Illustrated notes

Levels and vault maps discovered:
D:1:      matt_arrival_grand_opening, layout_basic,
          ebering_dispersal_statue_hall
D:2:      layout_loops_ring
D:3:      minmay_chambers_of_twos, layout_loops_corners,
          nicolae_vehumet_altar_sigil, serial_aquarium, aquarium_bridge_square
          [aquarium_subvault_wall, aquarium_subvault_bridge,
          aquarium_subvault_bridge, aquarium_subvault_window],
          aquarium_window_double, aquarium_window_2, aquarium_window_1,
          aquarium_view_2c, aquarium_balcony_3b, aquarium_pool_split,
          grunt_decor_resistance
D:4:      layout_basic, nicolae_tso_besieged_by_evil, amcnicky_altar_gilded,
          nicolae_wormholes
D:5:      layout_basic, serial_shops, nicolae_shop_pleasant_corner_grove,
          uniq_duvessa
D:6:      layout_rooms, mainiacjoe_overflow_six_doors_small,
          minmay_temple_entry_overgrown
D:7:      layout_gridville
D:8:      layout_loops_cross, chequers_serial_rivers_marsh, minmay_three_doors
D:9:      kennysheep_housing_project, layout_loops_ring,
          minmay_lair_entry_grove, columned_hall_lemuel, uniq_gastronok
D:10:     layout_long_grid, david_orc_2, minmay_crystal_room, uniq_joseph
D:11:     layout_loops_ring, portal_ice_cave_demonic_guard
Temple:   eino_narrow_crystal_temple
Lair:1:   layout_long_grid, st_stairs_3
Lair:2:   layout_chaotic_city, skrybe_swamp_entry_bodies, uniq_erica
Lair:3:   layout_regular_city, dummy_snake_entry,
          gammafunk_ghost_berserking_beasts, chequers_serial_rivers_micro_b,
          serial_bayou_shore_b, lemuel_fruit_fields
Lair:4:   layout_loops_ring, grunt_megastairs_5, serial_bayou_shore_b

Skill      XL: |  1  2  3  4  5  6  7  8  9 10 11 12 13 |
---------------+----------------------------------------+-----
Dodging        | 2 5 7 8 |  8.0
Stealth        | 2 |  2.0
Fighting       | 1 2 3 4 5 7 9 10 | 10.0
Alchemy        | 4 5 6 7 8 9 10 11 12 | 12.0
Conjurations   | 2 4 5 |  5.0
Spellcasting   | 3 4 6 9 11 12 | 12.0
Fire Magic     | 4 6 |  6.0
Earth Magic    | 3 |  3.8

Action                     |  1- 3 |  4- 6 |  7- 9 | 10-12 | 13-15 || total
---------------------------+-------+-------+-------+-------+-------++-------
  Melee: Unarmed           |    23 |       |       |       |       ||    23
         Tailslap          |     7 |       |     1 |    17 |     1 ||    26
         Sling             |       |       |     3 |       |       ||     3
         Trident           |       |       |       |    34 |       ||    34
         Glaive            |       |       |       |    90 |    18 ||   108
   Fire: Sling             |   110 |   168 |   236 |   174 |       ||   688
   Cast: Sting             |    29 |    80 |   149 |    45 |       ||   303
         Olgreb's Toxic Ra |       |       |    20 |    57 |     3 ||    80
         Sticky Flame      |       |       |     7 |    40 |     3 ||    50
         Eringya's Noxious |       |       |       |    31 |     4 ||    35
         Leda's Liquefacti |       |       |       |     6 |     2 ||     8
         Mephitic Cloud    |       |       |       |     1 |       ||     1
 Invoke: Call Merchant     |       |       |       |     1 |       ||     1
    Use: Scroll            |     2 |     2 |     5 |     8 |       ||    17
         Potion            |       |       |       |     4 |       ||     4
   Stab: Petrified         |       |       |       |     3 |       ||     3
         Sleeping          |       |       |       |     1 |       ||     1
 Armour: Skin              |    60 |    89 |   260 |   320 |    35 ||   764
  Dodge: Dodged            |    61 |    79 |   232 |   269 |    38 ||   679

Table legend: (Time is in decaauts)
 A = Elapsed time spent in this place.
 B = Non-inter-level travel time spent in this place.
 C = Inter-level travel time spent in this place.
 D = Time resting spent in this place.
 E = Time spent auto-exploring this place.
 F = Levels seen in this place.
 G = Mean time per level.
                   A        B        C        D        E       F      G
               +--------+--------+--------+--------+--------+-----+--------+
         Total |  18242 |  17429 |    813 |   2360 |  11689 |  16 | 1140.1 |
       Dungeon |  14150 |  13470 |    680 |   1716 |   9008 |  11 | 1286.4 |
        Temple |     30 |      1 |     29 |      0 |      0 |   1 |   30.0 |
          Lair |   4060 |   3956 |    104 |    644 |   2681 |   4 | 1015.0 |
               +--------+--------+--------+--------+--------+-----+--------+

Top non-repeatable levels by time:
     D:9: 2495 daAuts
     D:8: 2028 daAuts
  Lair:1: 1492 daAuts
    D:10: 1427 daAuts
  Lair:3: 1368 daAuts
     D:5: 1339 daAuts
     D:7: 1290 daAuts
     D:6: 1286 daAuts
     D:3: 1175 daAuts
  Lair:2: 1142 daAuts
     D:4: 1070 daAuts
     D:2: 872 daAuts
     D:1: 637 daAuts
    D:11: 527 daAuts
  Lair:4: 57 daAuts
